 Dungeon Crawl Stone Soup version 0.21.1-1-g345015f (webtiles) character file.

12 letownia2 the Magician (level 2, -1/19 HPs)
             Began as a Merfolk Wizard on Mar 19, 2018.
             Slain by a jackal (3 damage)
             ... on level 1 of the Dungeon.
             The game lasted 00:01:41 (177 turns).

letownia2 the Magician (Merfolk Wizard)              Turns: 177, Time: 00:01:42

Health: -1/19      AC:  2    Str:  7    XL:     2   Next: 33%
Magic:  1/6        EV: 13    Int: 17    God:
Gold:   17         SH:  0    Dex: 12    Spells: 4/7 levels left

rFire    . . .     SeeInvis .   e - +0 dagger
rCold    . . .     Gourm    .   (no shield)
rNeg     . . .     Faith    .   a - +0 robe
rPois    .         Spirit   .   b - +0 hat
rElec    .         Reflect  .   (no cloak)
rCorr    .         Harm     .   (no gloves)
MR       .....                  (no boots)
Stlth    ++........             (no amulet)
HPRegen  0.06/turn              (no ring)
MPRegen  0.10/turn              (no ring)

@: no status effects
A: change form in water, swift swim, stealthy swim
a: no special abilities


You were on level 1 of the Dungeon.
You were not hungry.

You visited 1 branch of the dungeon, and saw 2 of its levels.

You collected 17 gold pieces.

Inventory:

Hand Weapons
 e - a +0 dagger (weapon)
Armour
 a - a +0 robe (worn)
 b - a +0 hat (worn)
Scrolls
 f - a scroll of enchant weapon {unknown}
 g - 2 scrolls of remove curse {unknown}
 i - a scroll of immolation {unknown}
 j - a scroll of enchant armour {unknown}
Potions
 h - a potion of heal wounds {unknown}
Books
 c - a book of Minor Magic

   Spells                             Type                      Level
   a - Magic Dart                     Conjuration                  1
   b - Blink                          Translocation                2
   c - Call Imp                       Summoning                    2
   d - Slow                           Hexes                        2
   e - Conjure Flame                  Conjuration/Fire             3
   f - Mephitic Cloud                 Conjuration/Poison/Air       3
Comestibles
 d - a ration


   Skills:
 - Level 2.6 Dodging
 - Level 2.1 Stealth
 - Level 3.0 Spellcasting
 - Level 1.8 Conjurations
 + Level 1.0 Summonings
   Level 0.7 Translocations


You had 4 spell levels left.
You knew the following spells:

 Your Spells              Type           Power        Failure   Level  Hunger
a - Magic Dart            Conj           #...         9%          1    None
i - Call Imp              Summ           #.......     17%         2    ##.....


Dungeon Overview and Level Annotations

Branches:
Dungeon (2/15)

Altars:


Message History

Your crimson imp misses the jackal.
Casting: Magic Dart
Confirm with . or Enter, or press ? or * to list all spells.
You don't have enough magic to cast that spell.
Unknown command.
You barely miss the jackal.
The jackal is severely wounded.
The jackal bites your crimson imp but does no damage.
The jackal barely misses you.
Your crimson imp closely misses the jackal.
You barely miss the jackal.
The jackal is severely wounded.
The jackal misses your crimson imp. The jackal bites you.
* * * LOW HITPOINT WARNING * * *
The jackal bites your crimson imp but does no damage.
The jackal closely misses you.
Your crimson imp hits the jackal.
You barely miss the jackal.
The jackal is severely wounded.
The jackal bites your crimson imp. The jackal bites you.
You die...

#.... #.##..###.#.#....##
... #.##.####.#.##..... ##
#.## ###..................
...#
#..###.>...###......######
...h.##......h..# #......#
## ....h........#5##
#......###...
.....>.......#h#
#..........#
....>........#h#
#.......####
.............#@# #......##
...###########...##......#
## ###.........#
##########


You could see 3 jackals and a friendly crimson imp.

Vanquished Creatures
  An ooze (D:1)
  A dart slug (D:1)
  A goblin (D:1)
  A bat (D:1)
  A frilled lizard (D:2)
  2 kobolds (D:1)
7 creatures vanquished.

Notes
Turn   | Place    | Note
-------+----------+-------------------------------------------
     0 | D:1      | letownia2 the Merfolk Wizard began the quest for the Orb.
     0 | D:1      | Reached XP level 1. HP: 13/13 MP: 4/4
     2 | D:1      | Noticed a gargoyle
     2 | D:1      | Noticed a ghoul
     4 | D:1      | Noticed a merfolk
     4 | D:1      | Noticed a vampire
     6 | D:1      | Noticed a centaur
     6 | D:1      | Noticed a naga
     8 | D:1      | Noticed a vine stalker
    10 | D:1      | Noticed an octopode
    10 | D:1      | Noticed a demonspawn
    12 | D:1      | Noticed a spriggan
    12 | D:1      | Noticed a human
    14 | D:1      | Noticed a tengu
    14 | D:1      | Noticed a demigod
    16 | D:1      | Noticed a formicid
    18 | D:1      | Noticed a draconian
    21 | D:1      | Noticed a minotaur
    21 | D:1      | Noticed a felid
    24 | D:1      | Noticed a troll
    24 | D:1      | Noticed an ogre
    26 | D:1      | Noticed a dwarf
    26 | D:1      | Noticed an elf
    28 | D:1      | Noticed a halfling
    44 | D:1      | Reached skill level 1 in Conjurations
    86 | D:1      | Reached XP level 2. HP: 15/19 MP: 0/6
   135 | D:1      | Learned a level 2 spell: Call Imp
   177 | D:1      | Slain by a jackal

Skill      XL: |  1 |
---------------+----+-----
Conjurations   | 1 |  1.8
Dodging        | |  2.6
Stealth        | |  2.1
Spellcasting   | |  3.0
Summonings     | |  1.0
Translocations | |  0.7

Action                   || total
-------------------------++-------
Melee: Dagger            ||    21
 Cast: Magic Dart        ||    14
       Call Imp          ||     1
Armor: Robe              ||     4
Dodge: Dodged            ||    17
